 Seeded DCSS version 0.31-a0-496-g6f97920a28 (webtiles) character file.

Game seed: 7415222406553760909 (custom seed)

138 innerfire43 the Changeling (level 5, -1/41 HPs)
             Began as a Demonspawn Monk on Aug 8, 2023.
             Splashed by a jelly's acid (8 damage)
             ... on level 3 of the Dungeon.
             The game lasted 00:03:16 (2268 turns).

innerfire43 the Changeling (Demonspawn Monk)        Turns: 2268, Time: 00:03:17

Health: -1/41      AC:  1    Str: 13    XL:     5   Next: 1%
Magic:  5/5        EV: 12    Int: 12    God:
Gold:   175        SH:  0    Dex: 15    Spells: 4/4 levels left

rFire   . .          .
                       - Unarmed
rCold   + . .        (no shield)
rNeg    . . .        m - +1 robe {rC+}
rPois   .            (helmet restricted)
rElec   .            r - +2 cloak
rCorr   .            n - +1 pair of gloves
SInv    +            (no boots)
Will    .....        (no amulet)
Stlth   +            d - ring of wizardry
HPRegen 0.26/turn    k - ring of wizardry
MPRegen 0.09/turn

%: wizardry (x2)
@: corroded
A: spiny 1, horns 1, see invisible, shaggy fur 1
a: no special abilities


You were on level 3 of the Dungeon.
You visited 1 branch of the dungeon, and saw 4 of its levels.

You collected 175 gold pieces.

Inventory:

Armour
 a - a +0 robe
 c - an orb of light
 m - a +1 robe of cold resistance (worn)
 n - a +1 pair of gloves (worn)
 o - a +0 helmet
 r - a +2 cloak (worn)
Jewellery
 d - a ring of wizardry (left hand)
 f - a ring of positive energy
 k - a ring of wizardry (right hand)
 p - a ring of poison resistance
Talismans
 h - a flux talisman
Scrolls
 g - 2 scrolls of teleportation {unknown}
 i - 4 scrolls of identify {unknown}
 l - a scroll of poison {unknown}
 q - 2 scrolls of fog {unknown}
 t - 2 scrolls of fear {unknown}
 u - a scroll of noise {unknown}
Potions
 e - 2 potions of curing {unknown}
 j - a potion of lignification {unknown}
 s - a potion of brilliance {unknown}
 v - a potion of enlightenment {unknown}
 w - a potion of heal wounds {unknown}


   Skills:
 - Level 3.0 Fighting
 - Level 2.6 Dodging
 - Level 3.1 Unarmed Combat
 * Level 3.2 Shapeshifting


You had 4 spell levels left.
You didn't know any spells.
Your spell library was empty.

Dungeon Overview and Level Annotations

Branches:
Dungeon (4/15)
 Temple: D:4-7

Altars:
Dithmenos
Nemelex Xobeh
Qazlal
Uskayaw
Yredelemnul

Shops:
D:1 ?

Annotations:
D:3 2 transporters


Innate Abilities, Weirdness & Mutations

You are partially covered in sharp spines.
You have a pair of small horns on your head.
You have supernaturally acute eyesight. (SInv)
You are covered in fur. (AC +1)


Message History

There is a stone staircase leading up here.
There are monsters nearby!
Found a scroll labelled MORE PIRENU.
There are monsters nearby!
You hit the jelly. The acid corrodes you!
Your hands burn!
The jelly is lightly wounded.
The orc shouts!
The jelly hits you.
You are splashed with acid!
You hit the jelly. The acid corrodes you!
Your hands burn!
The jelly is lightly wounded.
The jelly closely misses you.
There are monsters nearby!
You hit the jelly but do no damage.
Your hands burn!
You punch the jelly, but do no damage.
The jelly is lightly wounded.
There are monsters nearby!
You are too injured to fight recklessly!
You are too injured to fight recklessly!
The jelly attacks as you move away! The jelly hits you.
You are splashed with acid!
* * * LOW HITPOINT WARNING * * *
The jelly jiggles.
The hound is struck by your spines. The hound closely misses you.
There is a stone staircase leading up here.
The orc is struck by your spines. The orc hits you with a +0 club.
* * * LOW HITPOINT WARNING * * *
The jelly is struck by your spines. The jelly barely misses you.
The hound is struck by your spines. The hound barely misses you.
You climb upwards.
Level annotation: 2 transporters
There is a stone staircase leading down here.
It was a potion of mutation.
You feel extremely strange. A pair of horns grows on your head!
Your +0 helmet falls away!
Fur sprouts all over your body.
Your vision sharpens.
The hound barely misses you. The jelly is struck by your spines.
The jelly hits you.
* * * LOW HITPOINT WARNING * * *
You are splashed with acid!
You die...

###### ##....###
#####...#....
##.....©......
#######..#########..
#....##.##8.....8##.
#.h..##.#.........#.
#.o@..#.#....©....#.
#...J...#Y........#.
#.....#.#F.......©#.
#.....#.#.........#.
#.....#.#F5.......#.
###.....#J.$?$)?..#.
#...#.##8$___$8##.
#...#..#########..
#...##.....©......


You could see an ice beast, a bullfrog, a hound, a jelly, a shadow imp and an
orc.

Vanquished Creatures
  Robin (D:2)
  4 adders
  2 worms
  A dart slug (D:2)
  4 bats
  An endoplasm (D:2)
  2 giant cockroaches (D:1)
  17 goblins
  7 hobgoblins
  12 jackals
  7 quokkas
  5 ball pythons
  4 frilled lizards
  5 kobolds
  4 rats
76 creatures vanquished.

Notes
Turn   | Place    | Note
-------+----------+-------------------------------------------
     0 | D:1      | innerfire43 the Demonspawn Monk began the quest for the
                  | Orb.
     0 | D:1      | Reached XP level 1. HP: 18/18 MP: 1/1
    61 | D:1      | Reached skill level 1 in Shapeshifting
    61 | D:1      | Gained mutation: You are partially covered in sharp spines.
                  | [demonic ancestry]
    61 | D:1      | Reached XP level 2. HP: 22/24 MP: 2/2
   185 | D:1      | Reached XP level 3. HP: 23/29 MP: 3/3
   359 | D:1      | Found Onoqawk's Magic Scroll Emporium.
   985 | D:2      | Noticed Robin
  1005 | D:2      | Killed Robin
  1006 | D:2      | Reached XP level 4. HP: 25/35 MP: 4/4
  1772 | D:3      | Found a shadowy altar of Dithmenos.
  1837 | D:3      | Found a sparkling altar of Nemelex Xobeh.
  2029 | D:3      | Found a stormy altar of Qazlal.
  2029 | D:3      | Found a basalt altar of Yredelemnul.
  2030 | D:3      | Found a hide-covered altar of Uskayaw.
  2033 | D:3      | Noticed an ice beast
  2033 | D:3      | Noticed a bullfrog
  2035 | D:3      | Found a transporter.
  2073 | D:3      | Found a transporter.
  2167 | D:3      | Reached XP level 5. HP: 40/41 MP: 5/5
  2268 | D:3      | Gained mutation: You have a pair of small horns on your
                  | head. [potion of mutation]
  2268 | D:3      | Gained mutation: You are covered in fur. (AC +1) [potion of
                  | mutation]
  2268 | D:3      | Gained mutation: You have supernaturally acute eyesight.
                  | (SInv) [potion of mutation]
  2268 | D:3      | Splashed by a jelly's acid

Illustrated notes

Levels and vault maps discovered:
D:1:      spicycebolla_green_bress_n_ham_2, layout_rooms, serial_shops, shop,
          minmay_misc_feat_hallway
D:2:      layout_basic, uniq_robin
D:3:      minmay_evil_eye, layout_basic,
          mainiacjoe_overflow_concentric_impassable, lemuel_tele_altar,
          gammafunk_temple_overflow_arena, nemelex_altar_shiori,
          kennysheep_generic_room_6
D:4:      layout_gridville, serial_shops, nicolae_shop_bloodbath_and_beyond,
          minmay_statues_item

Skill      XL: |  1  2  3  4 |
---------------+-------------+-----
Shapeshifting  | 1 2 3 |  3.2
Unarmed Combat | 3 |  3.1
Fighting       | |  3.0
Dodging        | |  2.6

Action                     |  1- 3 |  4- 6 || total
---------------------------+-------+-------++-------
  Melee: Unarmed           |    88 |    59 ||   147
         Punch             |     1 |     3 ||     4
    Use: Potion            |     1 |     1 ||     2
 Armour: Robe              |    36 |    16 ||    52
  Dodge: Dodged            |    87 |    36 ||   123

Table legend: (Time is in decaauts)
 A = Elapsed time spent in this place.
 B = Non-inter-level travel time spent in this place.
 C = Inter-level travel time spent in this place.
 D = Time resting spent in this place.
 E = Time spent auto-exploring this place.
 F = Levels seen in this place.
 G = Mean time per level.
                   A        B        C        D        E       F      G
               +--------+--------+--------+--------+--------+-----+--------+
         Total |   2260 |   2044 |    216 |      0 |   1601 |   4 |  565.0 |
       Dungeon |   2260 |   2044 |    216 |      0 |   1601 |   4 |  565.0 |
               +--------+--------+--------+--------+--------+-----+--------+

Top non-repeatable levels by time:
     D:2: 1053 daAuts
     D:3: 678 daAuts
     D:1: 521 daAuts
     D:4: 6 daAuts
